[Event "Titled Tuesday Blitz July 25 Late 2023"]
[White "Kamsky, Gata"]
[Black "Duda, Jan-Krzysztof"]
[WhiteFideId "2000024"]
[BlackFideId "1170546"]
[WhiteElo "2964"]
[BlackElo "3047"]
[Result "1/2-1/2"]
[Round "11"]
[TimeControl "180+2"]
[Date "2023.07.25"]
[WhiteClock "0:00:18"]
[BlackClock "0:00:51"]
[Board "5"]

1. e4 c5 2. Nf3 d6 3. d4 cxd4 4. Nxd4 Nf6 5. Nc3 a6 6. a4 g6 7. a5 Bg7 8. Be2 O-O 9. O-O Nc6 10. Nxc6 bxc6 11. Be3 Rb8 12. Bb6 Qe8 13. Bd3 Nd7 14. Na4 c5 15. Qe2 Ra8 16. Bc4 Ne5 17. Bd5 Rb8 18. f4 Nc6 19. c3 Bd7 20. b3 e6 21. Bc4 Ne7 22. Bc7 Bxa4 23. Rxa4 Bxc3 24. Bxd6 Bd4+ 25. Kh1 Rb7 26. Ra3 Qc6 27. Bxe7 Rxe7 28. Bxa6 Ra7 29. Bc4 Kg7 30. a6 h6 31. Ra2 Rb8 32. Qf3 Rb6 33. Qd3 Qc7 34. f5 exf5 35. exf5 g5 36. Re2 Rf6 37. Qf3 Qc8 38. g3 Raxa6 39. Bxa6 Qxa6 40. Re7 Qa2 41. h4 Rb6 42. Qd5 Rf6 43. Qf3 Rb6 44. Qd5 Rf6 45. Qf3 1/2-1/2


[Site "https://www.chess.com"]

[Event "Titled Tuesday Blitz July 25 Late 2023"]
[White "Andreikin, Dmitry"]
[Black "Anton Guijarro, David"]
[WhiteFideId "4158814"]
[BlackFideId "2285525"]
[WhiteElo "3039"]
[BlackElo "2986"]
[Result "0-1"]
[Round "11"]
[TimeControl "180+2"]
[Date "2023.07.25"]
[WhiteClock "0:00:04"]
[BlackClock "0:00:08"]
[Board "6"]

1. d4 c6 2. Nf3 Nf6 3. Bf4 Qb6 4. Qc1 d6 5. c3 Nh5 6. Be3 g6 7. Nbd2 Bg7 8. Nc4 Qa6 9. Ncd2 h6 10. Ne4 Nd7 11. Ng3 Nhf6 12. Bd2 e5 13. e4 Qb6 14. Bc4 Qc7 15. O-O Nb6 16. Bb3 Bg4 17. Nh4 c5 18. h3 Bd7 19. Be3 c4 20. Bc2 Qd8 21. Nf3 Qe7 22. a4 Bc6 23. d5 Nbxd5 24. exd5 Nxd5 25. Nd2 Nxe3 26. fxe3 d5 27. b4 e4 28. Ne2 Qg5 29. Rf4 Be5 30. Qf1 O-O 31. Qf2 Bd7 32. Kh1 f5 33. Nd4 Qe7 34. Rf1 Kh7 35. Bd1 Rf7 36. g4 Bxf4 37. exf4 fxg4 38. hxg4 e3 39. Qe1 exd2 40. Qxd2 Qh4+ 41. Kg2 Qe7 42. f5 gxf5 43. Bc2 Rg8 44. Nxf5 Rxg4+ 45. Kh3 Bxf5 46. Bxf5+ Rxf5 47. Kxg4 Qe4+ 48. Rf4 Rxf4+ 49. Qxf4 Qxf4+ 50. Kxf4 h5 51. Ke5 h4 52. Kxd5 h3 0-1


[Site "https://www.chess.com"]

[Event "Titled Tuesday Blitz July 25 Late 2023"]
[White "Bortnyk, Olexandr"]
[Black "Carlsen, Magnus"]
[WhiteFideId "14120828"]
[BlackFideId "1503014"]
[WhiteElo "3018"]
[BlackElo "3242"]
[Result "0-1"]
[Round "11"]
[TimeControl "180+2"]
[Date "2023.07.25"]
[WhiteClock "0:00:00"]
[BlackClock "0:00:26"]
[Board "7"]

1. e4 Nc6 2. Nf3 f5 3. exf5 d5 4. Bb5 Bxf5 5. d4 e6 6. Ne5 Ne7 7. Bg5 Qd6 8. Nc3 a6 9. Bxe7 Bxe7 10. Bxc6+ bxc6 11. Na4 O-O 12. O-O Rab8 13. b3 Bf6 14. f4 Rb5 15. Qe2 a5 16. c3 Be4 17. Qe3 h5 18. Nc5 Rxc5 19. dxc5 Qe7 20. Nxc6 Qe8 21. Ne5 h4 22. Rad1 Qh5 23. Nd7 Rf7 24. Nxf6+ Rxf6 25. Rd2 Rg6 26. Rff2 c6 27. Kf1 Kh7 28. Qd4 Qg4 29. Qe3 Qf5 30. Ke1 e5 31. fxe5 Qxe5 32. h3 Rg3 33. Qf4 Qe7 34. Rde2 Rxc3 35. Kf1 Bd3 36. Qf5+ g6 37. Qxd3 Rc1+ 0-1


[Site "https://www.chess.com"]

[Event "Titled Tuesday Blitz July 25 Late 2023"]
[White "Xiong, Jeffery"]
[Black "Fressinet, Laurent"]
[WhiteFideId "2047640"]
[BlackFideId "608742"]
[WhiteElo "2984"]
[BlackElo "2919"]
[Result "1-0"]
[Round "11"]
[TimeControl "180+2"]
[Date "2023.07.25"]
[WhiteClock "0:00:20"]
[BlackClock "0:00:00"]
[Board "8"]

1. e4 e5 2. Nf3 Nc6 3. Nc3 Nf6 4. d4 exd4 5. Nxd4 Bc5 6. Be3 Bb6 7. Qd2 Ng4 8. Bg5 f6 9. Nxc6 dxc6 10. Qxd8+ Kxd8 11. Bh4 h5 12. f3 Ne3 13. Rc1 Be6 14. Bf2 Ke7 15. Rg1 Nxf1 16. Bxb6 axb6 17. Rxf1 b5 18. a3 h4 19. Kf2 Rhd8 20. Rfd1 Bc4 21. Ne2 c5 22. Ke3 c6 23. Nf4 Bf7 24. Nd3 b6 25. Nf2 b4 26. axb4 cxb4 27. Ra1 Rxd1 28. Rxa8 Rg1 29. Ra7+ Kf8 30. Ra8+ Be8 31. g3 hxg3 32. hxg3 Rxg3 33. Rb8 b5 34. Nd3 Rg2 35. Nxb4 Ke7 36. Kd4 Rf2 37. Ke3 Rg2 38. Kd4 Rg3 39. f4 Rf3 40. f5 Rf4 41. Nd3 Rf1 42. Rb7+ Kf8 43. Nc5 Bf7 44. Ke3 Re1+ 45. Kd2 Rb1 46. b3 Rf1 47. Rc7 Rf2+ 48. Kd3 Rf3+ 49. Kd4 Rf2 50. Kc3 b4+ 51. Kxb4 Rxc2 52. Rxc6 Rb2 53. Kc3 Rb1 54. b4 Ke7 55. Rc7+ Kf8 56. Rb7 g5 57. fxg6 Bxg6 58. b5 Be8 59. Ne6+ Kg8 60. Nd4 Kf8 61. b6 Bg6 62. Ne6+ Ke8 63. Nc5 Rc1+ 64. Kd4 Rd1+ 65. Kc4 Rc1+ 66. Kd5 Rd1+ 67. Kc6 Rc1 68. Kd6 Rd1+ 69. Ke6 1-0


[Site "https://www.chess.com"]

[Event "Titled Tuesday Blitz July 25 Late 2023"]
[White "Zhigalko, Sergei"]
[Black "Nguyen, Ngoc Truong Son"]
[WhiteFideId "13502956"]
[BlackFideId "12401110"]
[WhiteElo "2890"]
[BlackElo "2895"]
[Result "0-1"]
[Round "11"]
[TimeControl "180+2"]
[Date "2023.07.25"]
[WhiteClock "0:00:00"]
[BlackClock "0:00:04"]
[Board "9"]

1. e4 g6 2. d4 Bg7 3. Nc3 d6 4. Nf3 a6 5. Be3 b5 6. a4 b4 7. Ne2 Nf6 8. Ng3 a5 9. Bd3 O-O 10. O-O Nc6 11. d5 Nb8 12. Bb5 Bd7 13. Nd4 Qe8 14. h3 c6 15. Bc4 cxd5 16. exd5 Bxa4 17. Re1 Bd7 18. Qd2 Qc8 19. b3 Re8 20. Bh6 Qc5 21. Be3 Qc7 22. Qd3 Bc8 23. Nb5 Qd8 24. Bd4 Nbd7 25. c3 Bb7 26. cxb4 axb4 27. Rad1 Rc8 28. Qd2 Nb6 29. Qxb4 Nbxd5 30. Qd2 Nb6 31. Bf1 Nbd7 32. Qb4 Bc6 33. Na7 Rb8 34. Nxc6 Rxb4 35. Nxd8 Rxd8 36. Ba1 Kf8 37. Rd3 Nc5 38. Rde3 e6 39. Bc3 Rb7 40. Bd4 Nxb3 41. Bc3 Nc5 42. Ba5 Ra8 43. Bc3 Nd5 44. Bxg7+ Kxg7 45. R3e2 Ra3 46. Rd2 h5 47. Ne2 Rb4 48. Nd4 Nb3 49. Nxb3 Raxb3 50. Red1 Rb1 51. g3 Rxd1 52. Rxd1 Kf6 53. Bg2 Rb5 54. h4 Ke7 55. Ra1 Rc5 56. Ra7+ Rc7 57. Ra8 Nf6 58. Bf3 d5 59. Kg2 Nd7 60. Ra5 Ne5 61. Be2 Rc2 62. Kf1 Kf6 63. Ra4 Rb2 64. Rf4+ Ke7 65. Ra4 Kd6 66. Ra6+ Kc5 67. Ra5+ Kd4 68. Ra4+ Kc3 69. Ra3+ Rb3 70. Ra7 Rb1+ 71. Kg2 Rb2 72. Kf1 Kd4 73. f4 Nc4 74. Rxf7 Nd2+ 75. Kg1 Ne4 76. Bf3 Nxg3 77. Rf6 Nf5 78. Rxe6 Nxh4 79. Bh1 Nf5 80. Rxg6 Rb1+ 81. Kh2 Ne3 82. Rg5 h4 83. Bf3 Rb2+ 84. Kh3 Rf2 85. Bxd5 Rxf4 86. Bg2 Nd1 0-1


[Site "https://www.chess.com"]

[Event "Titled Tuesday Blitz July 25 Late 2023"]
[White "Leitao, Rafael"]
[Black "Pranav, V"]
[WhiteFideId "2101246"]
[BlackFideId "25060783"]
[WhiteElo "2817"]
[BlackElo "3020"]
[Result "0-1"]
[Round "11"]
[TimeControl "180+2"]
[Date "2023.07.25"]
[WhiteClock "0:00:00"]
[BlackClock "0:00:01"]
[Board "10"]

1. c4 c5 2. g3 Nc6 3. Bg2 g6 4. Nc3 Bg7 5. Nf3 Nh6 6. d4 cxd4 7. Bxh6 Bxh6 8. Nxd4 O-O 9. O-O Bg7 10. e3 a6 11. Qd2 Ne5 12. b3 d6 13. Rac1 e6 14. Rfd1 Qc7 15. h3 Rd8 16. Nde2 Bf8 17. Ne4 Be7 18. f4 Nd7 19. Qb2 Rb8 20. Kh2 b6 21. h4 Bb7 22. h5 f5 23. h6 Bf8 24. Ng5 Re8 25. Nd4 Bxg2 26. Qxg2 Nf6 27. Ndxe6 Qe7 28. Kg1 Bxh6 29. Re1 Qd7 30. Qh1 Bxg5 31. Nxg5 Kg7 32. e4 h6 33. exf5 hxg5 34. fxg5 Nh5 35. f6+ Kh7 36. Qd5 Kh8 37. Kf2 Qh3 38. Qxd6 Rbd8 39. Qc7 Rd2+ 40. Kf3 Qf5+ 0-1


[Site "https://www.chess.com"]

[Event "Titled Tuesday Blitz July 25 Late 2023"]
[White "Naroditsky, Daniel"]
[Black "Pakleza, Zbigniew"]
[WhiteFideId "2026961"]
[BlackFideId "1119290"]
[WhiteElo "3128"]
[BlackElo "2765"]
[Result "1-0"]
[Round "11"]
[TimeControl "180+2"]
[Date "2023.07.25"]
[WhiteClock "0:01:26"]
[BlackClock "0:00:27"]
[Board "11"]

1. d4 d5 2. Nc3 Bf5 3. f3 Nf6 4. g4 Bg6 5. g5 Ng8 6. h4 h5 7. e4 e6 8. Bd3 Ne7 9. Nge2 c5 10. dxc5 Nbc6 11. Nb5 Nc8 12. exd5 Bxd3 13. dxc6 Bxb5 14. Qxd8+ Kxd8 15. cxb7 Rb8 16. bxc8=Q+ Kxc8 17. Be3 Bxe2 18. Kxe2 Rxb2 19. Rhb1 Rxc2+ 20. Kd3 Bxc5 21. Rc1 1-0


[Site "https://www.chess.com"]

[Event "Titled Tuesday Blitz July 25 Late 2023"]
[White "Erigaisi Arjun"]
[Black "Matinian, Nikita"]
[WhiteFideId "35009192"]
[BlackFideId "24129100"]
[WhiteElo "3073"]
[BlackElo "2741"]
[Result "1-0"]
[Round "11"]
[TimeControl "180+2"]
[Date "2023.07.25"]
[WhiteClock "0:01:14"]
[BlackClock "0:00:00"]
[Board "12"]

1. b3 Nf6 2. Bb2 g6 3. g3 Bg7 4. Bg2 c5 5. c4 Nc6 6. Nf3 d6 7. d4 cxd4 8. Nxd4 Bd7 9. O-O Nxd4 10. Qxd4 Bc6 11. Nc3 Bxg2 12. Kxg2 h5 13. h4 a6 14. Nd5 O-O 15. a4 Rc8 16. a5 Rc6 17. Rfd1 Re8 18. e4 Qc8 19. Rd3 Qg4 20. Re1 Qc8 21. Rf3 Qd8 22. b4 Qc8 23. Rc1 Qd8 24. Rc2 Rc8 25. e5 Nxd5 26. Qxd5 Rf8 27. Qxb7 dxe5 28. c5 Rb8 29. Qe4 f5 30. Qc4+ Kh7 31. c6 Qc7 32. Rd3 Rfd8 33. Rxd8 Rxd8 34. Qxa6 f4 35. Qb7 f3+ 36. Kxf3 Qd6 37. c7 Qd1+ 38. Kg2 Rd2 39. Rxd2 Qxd2 40. c8=Q 1-0


[Site "https://www.chess.com"]

[Event "Titled Tuesday Blitz July 25 Late 2023"]
[White "Sarana, Alexey"]
[Black "Panesar Vedant"]
[WhiteFideId "24133795"]
[BlackFideId "35033018"]
[WhiteElo "3028"]
[BlackElo "2724"]
[Result "1-0"]
[Round "11"]
[TimeControl "180+2"]
[Date "2023.07.25"]
[WhiteClock "0:00:06"]
[BlackClock "0:00:08"]
[Board "13"]

1. d4 Nf6 2. c4 e6 3. Nc3 Bb4 4. e3 O-O 5. Bd3 c5 6. Ne2 cxd4 7. exd4 d5 8. c5 Nc6 9. O-O e5 10. a3 Ba5 11. dxe5 Nxe5 12. Bc2 a6 13. Bg5 Be6 14. b4 Bc7 15. Nf4 d4 16. Ne4 d3 17. Nxd3 Bc4 18. Bxf6 gxf6 19. Nxe5 Qxd1 20. Rfxd1 Bxe5 21. Rac1 Rad8 22. Nd6 Be2 23. Re1 Bf4 24. Rb1 Bxd6 25. Rxe2 Be5 26. Be4 Rd7 27. g3 Rfd8 28. Rb3 h6 29. Kg2 Kf8 30. f4 Bd4 31. Kf3 Re7 32. Rd3 f5 33. Bxf5 Rxe2 34. Kxe2 Ke7 35. Be4 Bb2 36. Rb3 Bc1 37. Bxb7 Rd2+ 38. Kf3 Rb2 39. Rd3 Ra2 40. c6 Rc2 41. a4 Bd2 42. b5 axb5 43. axb5 Ba5 44. Bc8 Bb6 45. h3 h5 46. Rd5 Rc3+ 47. Kg2 Rc2+ 48. Kf1 Rc1+ 49. Ke2 Rc3 50. Rxh5 Rxg3 51. h4 Re3+ 52. Kd2 Rb3 53. Rf5 Rb4 54. h5 Bc7 55. Ke3 Rb3+ 56. Ke4 Rb4+ 57. Kf3 Rb3+ 58. Kg4 Rb1 59. Rd5 Rg1+ 60. Kf5 Bb6 61. Rd7+ Ke8 62. Rb7 Bd4 63. Bd7+ Kd8 64. Rb8+ Ke7 65. c7 1-0


[Site "https://www.chess.com"]

[Event "Titled Tuesday Blitz July 25 Late 2023"]
[White "Kollars, Dmitrij"]
[Black "Jaracz, Pawel"]
[WhiteFideId "12909572"]
[BlackFideId "1102222"]
[WhiteElo "2984"]
[BlackElo "2724"]
[Result "0-1"]
[Round "11"]
[TimeControl "180+2"]
[Date "2023.07.25"]
[WhiteClock "0:01:32"]
[BlackClock "0:00:03"]
[Board "14"]

1. d4 Nf6 2. Nf3 e6 3. Bf4 c5 4. e3 d5 5. c3 Nc6 6. Nbd2 Be7 7. Bd3 Nh5 8. Be5 f6 9. Bg3 g6 10. O-O O-O 11. Qe2 Nxg3 12. hxg3 Qb6 13. Rab1 Bd7 14. dxc5 Bxc5 15. b4 Be7 16. c4 dxc4 17. Nxc4 Qc7 18. a3 b5 19. Ncd2 a6 20. Rfc1 Rfc8 21. Nb3 Be8 22. Nc5 Bf7 23. Be4 Qb6 24. Qb2 Ra7 25. Rc2 Rac7 26. Rbc1 Nd8 27. Nd7 Rxc2 28. Rxc2 Rxc2 29. Bxc2 Qc7 30. Nxf6+ Bxf6 31. Qxf6 Qxc2 32. Qxd8+ Kg7 33. Qd4+ Kg8 34. Ne5 h6 35. Qd8+ Kg7 36. Qe7 Qd1+ 37. Kh2 Qh5+ 38. Qh4 Qxe5 39. Kg1 g5 40. Qg4 Qa1+ 41. Kh2 Qxa3 42. Qd4+ Kg6 43. Qe4+ Kf6 44. Qd4+ e5 45. Qd6+ Be6 46. Qf8+ Kg6 47. Qe8+ Bf7 48. Qc6+ Kg7 49. Qd6 Qc3 50. g4 e4 51. Qe7 Qf6 52. Qxe4 Qxf2 53. Qe5+ Qf6 54. Qc7 Kg6 55. e4 Be6 56. e5 Qf4+ 57. Kg1 Qe3+ 58. Kh2 Qf4+ 59. Kg1 Qxb4 60. Kh2 Qf4+ 61. Kg1 Qxg4 62. Qd6 Qf5 63. Qb8 Qf4 64. Qe8+ Bf7 65. Qc6+ Kh5 66. Qd6 Qe3+ 67. Kh2 Qe4 68. Kg1 Bg6 69. Qd1+ g4 70. Qa1 Qe3+ 71. Kh1 Be4 72. Kh2 g3+ 73. Kh1 Bxg2+ 74. Kxg2 Qf2+ 75. Kh3 Qh2# 0-1


[Site "https://www.chess.com"]

[Event "Titled Tuesday Blitz July 25 Late 2023"]
[White "Gubajdullin, Alexei"]
[Black "Santos Latasa, Jaime"]
[WhiteFideId "4141202"]
[BlackFideId "2293307"]
[WhiteElo "2704"]
[BlackElo "2984"]
[Result "0-1"]
[Round "11"]
[TimeControl "180+2"]
[Date "2023.07.25"]
[WhiteClock "0:00:07"]
[BlackClock "0:00:19"]
[Board "15"]

1. d4 Nf6 2. Nf3 g6 3. Bf4 Bg7 4. e3 O-O 5. Be2 d6 6. O-O Nh5 7. Bg5 h6 8. Bh4 g5 9. Nfd2 gxh4 10. Bxh5 h3 11. g3 c5 12. c3 Qb6 13. Nc4 Qa6 14. Nba3 b5 15. Nd2 Nd7 16. Bg4 b4 17. cxb4 cxd4 18. Nac4 d5 19. Na5 dxe3 20. fxe3 Qb6 21. Bxh3 Qxe3+ 22. Kh1 Ne5 23. Bg2 Bg4 24. Qe1 Qxe1 25. Raxe1 e6 26. Re3 Rac8 27. h3 Bh5 28. Rfe1 Rc2 29. Nf1 Nc4 30. Nxc4 Rxc4 31. Rb3 Rc2 32. Ne3 Rxb2 33. Rxb2 Bxb2 34. Rb1 Bd4 35. Ng4 Kg7 36. a4 Bg6 37. Rd1 Bc3 38. b5 Ba5 39. Rc1 d4 40. Ne5 d3 41. Rd1 d2 42. Rf1 Bc2 43. Bf3 Bc3 44. Nc6 Bxa4 45. Nxa7 Bd4 46. Nc6 Bxb5 47. Rd1 Bc3 48. Rb1 Ba4 49. Na7 Rd8 50. Bd1 Bxd1 51. Rxd1 Rd5 52. Kg2 Re5 53. Nb5 Rxb5 54. Kf3 Re5 55. Rb1 Re1 0-1


[Site "https://www.chess.com"]

[Event "Titled Tuesday Blitz July 25 Late 2023"]
[White "Svane, Rasmus"]
[Black "Adewumi, Tanitoluwa"]
[WhiteFideId "4657101"]
[BlackFideId "30966396"]
[WhiteElo "2958"]
[BlackElo "2699"]
[Result "1-0"]
[Round "11"]
[TimeControl "180+2"]
[Date "2023.07.25"]
[WhiteClock "0:00:37"]
[BlackClock "0:00:21"]
[Board "16"]

1. d4 Nf6 2. Nf3 e6 3. Bf4 b6 4. e3 Bb7 5. h3 Be7 6. Bd3 O-O 7. O-O d5 8. Nbd2 Ne4 9. c4 Nxd2 10. Nxd2 dxc4 11. Nxc4 Nd7 12. Qc2 h6 13. Rfd1 Rc8 14. Bh7+ Kh8 15. Be4 Bxe4 16. Qxe4 c5 17. Nd6 Nf6 18. Qe5 Rc6 19. dxc5 Rxc5 20. Nxf7+ Rxf7 21. Rxd8+ Bxd8 22. Qxe6 Rd7 23. Qb3 g5 24. Bg3 Kg7 25. Rd1 Rcd5 26. Rxd5 Rxd5 27. e4 Rd4 28. Be5 Rxe4 29. Qd5 Re1+ 30. Kh2 Bc7 31. Qb7 1-0


[Site "https://www.chess.com"]

[Event "Titled Tuesday Blitz July 25 Late 2023"]
[White "Bernabeu Lopez, Carlos Javier"]
[Black "Lenderman, Aleksandr"]
[WhiteFideId "2235366"]
[BlackFideId "2021285"]
[WhiteElo "2680"]
[BlackElo "2892"]
[Result "1/2-1/2"]
[Round "11"]
[TimeControl "180+2"]
[Date "2023.07.25"]
[WhiteClock "0:01:55"]
[BlackClock "0:01:22"]
[Board "17"]

1. e4 e6 2. d4 d5 3. Nd2 Nd7 4. Ngf3 dxe4 5. Nxe4 Ngf6 6. Nxf6+ Nxf6 7. Bd3 c5 8. dxc5 Bxc5 9. O-O O-O 10. Qe2 b6 11. Bg5 Qc7 12. Bh4 Bb7 13. Bg3 Bd6 14. Bxd6 Qxd6 15. Rad1 Qf4 16. Qe5 Qxe5 17. Nxe5 Rfd8 18. c3 Kf8 19. f3 Ke7 20. Kf2 Rd5 21. Nc4 Rad8 22. Be2 Ba6 23. Ne3 Rd2 24. c4 Rxb2 25. Rxd8 Kxd8 26. Rd1+ Ke7 27. a4 Nd7 28. a5 bxa5 29. Ra1 Ne5 30. Rxa5 Nd3+ 31. Kf1 Rb1+ 32. Nd1 Bxc4 33. Rxa7+ Kf6 34. Rc7 Bb5 35. Rb7 g5 36. Rxb5 Rxb5 37. Bxd3 Ra5 38. Bxh7 Ra1 39. Ke2 Ra2+ 40. Kf1 Ra1 41. Ke2 Ke5 42. Nf2 Kd4 43. Bg8 Ra2+ 44. Kf1 Ra1+ 45. Ke2 Ra2+ 46. Kf1 Ra1+ 47. Ke2 1/2-1/2


[Site "https://www.chess.com"]

[Event "Titled Tuesday Blitz July 25 Late 2023"]
[White "Oro, Faustino"]
[Black "Pham, Le Thao Nguyen"]
[WhiteFideId "20000197"]
[BlackFideId "12401226"]
[WhiteElo "2789"]
[BlackElo "2603"]
[Result "0-1"]
[Round "11"]
[TimeControl "180+2"]
[Date "2023.07.25"]
[WhiteClock "0:00:51"]
[BlackClock "0:01:48"]
[Board "18"]

1. d4 d5 2. c4 c6 3. Nf3 Nf6 4. Nc3 dxc4 5. a4 Bf5 6. Ne5 Na6 7. f3 Nd7 8. Nxc4 e5 9. e4 exd4 10. Qxd4 Be6 11. Nd6+ Bxd6 12. Qxd6 Ndc5 13. Qxd8+ Rxd8 14. Be3 Nb3 15. Rd1 Rxd1+ 16. Kxd1 Nac5 17. Kc2 a5 18. Be2 Ke7 19. Rd1 Rd8 20. Rxd8 Kxd8 21. f4 f6 22. Bf3 Kc7 23. g4 Na6 24. h4 Nb4+ 25. Kd1 b6 26. h5 Nd3 27. Kc2 Ne1+ 0-1


[Site "https://www.chess.com"]

[Event "Titled Tuesday Blitz July 25 Late 2023"]
[White "Elsa167"]
[Black "Przybylski, Wojciech"]
[BlackFideId "1117599"]
[WhiteElo "2783"]
[BlackElo "2577"]
[Result "0-1"]
[Round "11"]
[TimeControl "180+2"]
[Date "2023.07.25"]
[WhiteClock "0:01:17"]
[BlackClock "0:01:39"]
[Board "19"]

1. e4 e5 2. f4 d5 3. exd5 exf4 4. Nf3 Nf6 5. Bb5+ c6 6. dxc6 Nxc6 7. Nc3 Bd6 8. Qe2+ Be6 9. Nd4 Qd7 10. Bxc6 bxc6 11. Nxe6 Qxe6 12. Qxe6+ fxe6 13. b3 g5 14. Bb2 O-O 15. O-O-O e5 16. Rde1 Rae8 17. Ne4 Nxe4 18. Rxe4 c5 19. Rhe1 Rf5 20. h3 h5 21. d3 g4 22. hxg4 hxg4 23. Rh1 Re6 24. Kd2 Rg6 25. Ke2 f3+ 26. Kf1 g3 27. Rc4 fxg2+ 28. Kxg2 Rf2+ 29. Kg1 g2 0-1


[Site "https://www.chess.com"]

[Event "Titled Tuesday Blitz July 25 Late 2023"]
[White "Tristan, Leonardo"]
[Black "Karamsetty, Jeevan"]
[WhiteFideId "113816"]
[BlackFideId "2025337"]
[WhiteElo "2767"]
[BlackElo "2567"]
[Result "1/2-1/2"]
[Round "11"]
[TimeControl "180+2"]
[Date "2023.07.25"]
[WhiteClock "0:00:12"]
[BlackClock "0:00:11"]
[Board "20"]

1. d4 d6 2. e4 Nf6 3. Nc3 e5 4. Nf3 Nbd7 5. Bc4 Be7 6. O-O O-O 7. Re1 a6 8. a4 b6 9. Nd5 Bb7 10. Nxe7+ Qxe7 11. Bd3 c5 12. d5 Ne8 13. Nd2 f5 14. exf5 Bxd5 15. Bc4 Bxc4 16. Nxc4 Rb8 17. Qd5+ Kh8 18. Rd1 Ndf6 19. Qe6 Qc7 20. Bg5 Rd8 21. Ne3 Rd7 22. Nd5 Nxd5 23. Rxd5 Rdf7 24. g4 Qc6 25. Rd3 Qe4 26. f3 Qe2 27. Be7 Qxc2 28. Bxf8 Rxf8 29. Rad1 Qxb2 30. Qe7 Rg8 31. g5 c4 32. R3d2 Qc3 33. Rg2 Qxf3 34. Rf1 Qe3+ 35. Kh1 Qe4 36. g6 h6 37. Qe6 Nf6 38. h3 c3 39. Qb3 Qe3 40. Qc2 Qxh3+ 41. Kg1 Qe3+ 42. Qf2 Qxf2+ 43. Rgxf2 d5 44. Rc2 d4 45. Rb1 Re8 46. Rxb6 Nd5 47. Rd6 Ne3 48. Rc1 c2 49. Re6 Rb8 50. Rxe5 Kg8 51. Kf2 Kf8 52. Rxe3 dxe3+ 53. Kxe3 Rb4 54. Rxc2 Ke7 55. Rc7+ Kf6 56. Rf7+ Kg5 57. Rxg7 Kxf5 58. Rg8 Rg4 59. g7 Kf6 60. Ra8 Kxg7 61. Rxa6 h5 62. Kf3 Rg1 63. Ra5 Ra1 64. Kg3 Kf6 65. Kf4 Ke6 66. Ra6+ Kd5 67. Ra8 Kc5 68. a5 Kb5 69. Rb8+ Kc6 70. Rb6+ Kc5 71. Rh6 Rxa5 72. Rxh5+ Kb4 73. Rh1 Ra4 74. Ke5 Ra3 75. Kd5 Rb3 76. Rh4+ Kc3 77. Rh3+ Kb2 78. Rh2+ Kc3 79. Kc5 Rb2 80. Rh3+ Kd2 81. Kd4 Rb4+ 82. Kc5 Rg4 83. Kd5 Ke2 84. Ke5 Kf2 85. Rc3 Rg3 86. Rc1 Re3+ 87. Kf4 Rf3+ 88. Kg4 Rd3 89. Rc2+ Ke3 90. Kg3 Kd4+ 91. Kf4 Rc3 92. Rd2+ Rd3 93. Ra2 Kc3 94. Ke4 Rd4+ 95. Ke3 Rd7 96. Ra3+ Kc4 97. Ra8 Kc5 98. Rc8+ Kd6 99. Rc2 Re7+ 100. Kd4 Ke6 101. Rc6+ Kd7 102. Ra6 Ke8 103. Kd5 Kf7 104. Ra2 Re3 105. Rf2+ Kg6 106. Kd4 Re7 107. Rg2+ Kf6 108. Rh2 Kg6 109. Kd5 Kf6 110. Rf2+ Kg6 111. Rf3 Re1 112. Kd4 Kg5 113. Rf2 Kg4 114. Rf8 Kg5 115. Kd3 Re6 116. Rf2 Rf6 117. Rg2+ Kf5 118. Ke3 Re6+ 119. Kd4 Rg6 120. Rf2+ Ke6 121. Ra2 Rg4+ 122. Kc5 1/2-1/2


[Site "https://www.chess.com"]

[Event "Titled Tuesday Blitz July 25 Late 2023"]
[White "Grischuk, Alexander"]
[Black "Sabuk, Piotr"]
[WhiteFideId "4126025"]
[BlackFideId "1137565"]
[WhiteElo "3007"]
[BlackElo "2687"]
[Result "1-0"]
[Round "11"]
[TimeControl "180+2"]
[Date "2023.07.25"]
[WhiteClock "0:01:32"]
[BlackClock "0:00:11"]
[Board "21"]

1. e4 e5 2. Nf3 Nc6 3. Bc4 Nf6 4. Ng5 d5 5. exd5 Na5 6. Bb5+ c6 7. dxc6 bxc6 8. Bd3 Nd5 9. h4 Qc7 10. Nc3 Nf4 11. Bf1 Be7 12. g3 Ne6 13. Nxe6 Bxe6 14. d3 c5 15. Bg2 Rd8 16. Qf3 c4 17. O-O cxd3 18. cxd3 O-O 19. Re1 f6 20. d4 Rxd4 21. Nb5 Qd7 22. Nxd4 Qxd4 23. Rd1 Qa4 24. Be3 Kh8 25. b3 Qb4 26. Qe4 Qb5 27. Rac1 f5 28. Qd3 Qxd3 29. Rxd3 e4 30. Rdc3 Bb4 31. Rc7 1-0


[Site "https://www.chess.com"]

[Event "Titled Tuesday Blitz July 25 Late 2023"]
[White "Voege, Tobias"]
[Black "Maksimovic, Bojan"]
[WhiteFideId "1270513"]
[BlackFideId "14408120"]
[WhiteElo "2655"]
[BlackElo "2886"]
[Result "1/2-1/2"]
[Round "11"]
[TimeControl "180+2"]
[Date "2023.07.25"]
[WhiteClock "0:00:14"]
[BlackClock "0:00:24"]
[Board "22"]

1. d4 Nf6 2. c4 g6 3. Nc3 Bg7 4. Nf3 O-O 5. Bg5 h6 6. Bh4 c5 7. d5 b5 8. cxb5 a6 9. bxa6 Bxa6 10. Nd2 Qb6 11. Qc2 d6 12. e4 Bxf1 13. Rxf1 Nbd7 14. f4 Rfb8 15. Rb1 Qa6 16. h3 Nh5 17. g4 Nxf4 18. Rxf4 g5 19. Rf5 gxh4 20. g5 Ne5 21. gxh6 Bxh6 22. Nf3 Nd3+ 23. Kd1 f6 24. Rh5 Nxb2+ 25. Rxb2 Rxb2 26. Qxb2 Qd3+ 27. Nd2 Bxd2 28. Qxd2 Qxh3 29. Qh6 Kf7 30. Qh7+ Ke8 31. Qg8+ Kd7 32. Qe6+ Qxe6 33. dxe6+ Kxe6 34. Rxh4 Ke5 35. Kc2 e6 36. Rh5+ f5 37. exf5 exf5 38. Rh1 f4 39. Rh5+ Ke6 40. Kd3 Ra3 41. Rh6+ Ke5 42. Rh5+ Ke6 43. Kc4 f3 44. Rh8 d5+ 45. Nxd5 Rxa2 46. Ne3 Ke5 47. Re8+ Kf4 48. Nd5+ Kg3 49. Rg8+ Kf2 50. Kxc5 Rd2 51. Kc4 Ke2 52. Re8+ Kf2 53. Nc3 Rd7 54. Ne4+ Kg2 55. Rg8+ Kf1 56. Rf8 Ke2 57. Nc3+ Ke3 58. Nd5+ Ke2 59. Nc3+ Ke3 60. Nd5+ Ke2 61. Nc3+ 1/2-1/2


[Site "https://www.chess.com"]

[Event "Titled Tuesday Blitz July 25 Late 2023"]
[White "Weetik, Vjacheslav"]
[Black "Grigoriants, Sergey"]
[WhiteFideId "4153472"]
[BlackFideId "4130804"]
[WhiteElo "2683"]
[BlackElo "2858"]
[Result "0-1"]
[Round "11"]
[TimeControl "180+2"]
[Date "2023.07.25"]
[WhiteClock "0:00:48"]
[BlackClock "0:00:32"]
[Board "23"]

1. d4 d5 2. c4 c6 3. Nf3 Nf6 4. g3 g6 5. Bg2 Bg7 6. O-O O-O 7. Qb3 Qb6 8. Nc3 Rd8 9. Bd2 Bf5 10. Rfc1 Nbd7 11. c5 Qxb3 12. axb3 a6 13. b4 Ne4 14. Bf4 Re8 15. Nh4 Bxd4 16. Nxe4 Bxe4 17. Bxe4 dxe4 18. Rd1 e5 19. Be3 Bxb2 20. Ra2 Bd4 21. Bxd4 exd4 22. Rxd4 Nf6 23. Ng2 Rad8 24. Rad2 Rxd4 25. Rxd4 Ra8 26. Ne3 a5 27. bxa5 Rxa5 28. Rb4 Rb5 29. Rc4 Kf8 30. g4 Nd7 31. Rxe4 Nxc5 32. Rd4 Ne6 33. Ra4 Rb2 34. Kf1 b5 35. Ra8+ Kg7 36. Rb8 Nf4 37. g5 Rb1+ 0-1


[Site "https://www.chess.com"]

[Event "Titled Tuesday Blitz July 25 Late 2023"]
[White "Ashraf, Artin"]
[Black "Shuvalova, Polina"]
[WhiteFideId "22514805"]
[BlackFideId "24171760"]
[WhiteElo "2850"]
[BlackElo "2647"]
[Result "1-0"]
[Round "11"]
[TimeControl "180+2"]
[Date "2023.07.25"]
[WhiteClock "0:00:16"]
[BlackClock "0:00:00"]
[Board "24"]

1. e4 c6 2. Nf3 d5 3. d3 g6 4. Nbd2 Bg7 5. g3 e5 6. Bg2 Ne7 7. O-O O-O 8. Re1 dxe4 9. dxe4 h6 10. Nc4 Qc7 11. Qd6 Qxd6 12. Nxd6 Na6 13. Be3 Rd8 14. Red1 b6 15. c3 Be6 16. Bf1 Nc7 17. Bc4 Ne8 18. Nxe8 Bxc4 19. Nxg7 Kxg7 20. Nxe5 Be2 21. Re1 Ba6 22. Bxh6+ Kxh6 23. Nxf7+ Kg7 24. Nxd8 Rxd8 25. Rad1 Re8 26. Rd7 Bc4 27. Rxa7 g5 28. f3 Kf6 29. Rd1 Be6 30. Kf2 Rh8 31. Kg2 Ng6 32. Rd6 Rc8 33. h4 Ke5 34. Rxe6+ Kxe6 35. hxg5 Ne5 36. f4 Nc4 37. b3 Nd2 38. e5 Kf5 39. Rf7+ Kg4 40. g6 Ne4 41. e6 Rd8 42. Rd7 Rh8 43. g7 Rg8 44. Rf7 Nd6 45. a4 Kh5 46. f5 Kg5 47. f6 Ne4 48. Rf8 Nxf6 49. Rxg8 Nxg8 50. b4 Kf6 51. a5 bxa5 52. bxa5 Kxg7 53. a6 Ne7 54. a7 1-0


[Site "https://www.chess.com"]